 Dungeon Crawl Stone Soup version 0.21.1-1-g345015f (webtiles) character file.

3303 kae the Martial Artist (level 9, 0/74 HPs)
             Began as a White Draconian Transmuter on June 6, 2018.
             Was a Believer of Okawaru.
             Slain by a wight
             ... wielding a cursed +0 mace
              (3 damage)
             ... on level 7 of the Dungeon.
             The game lasted 00:10:10 (8246 turns).

kae the Martial Artist (White Draconian Transmuter) Turns: 8246, Time: 00:10:12

Health: 0/74       AC: 10    Str: 13    XL:     9   Next: 70%
Magic:  11/16      EV: 15    Int: 14    God:    Okawaru [**....]
Gold:   347        SH:  0    Dex: 14    Spells: 12/18 levels left

rFire    . . .     SeeInvis .     - Unarmed
rCold    + . .     Gourm    .   (no shield)
rNeg     . . .     Faith    .   (armour unavailable)
rPois    .         Spirit   .   (helmet restricted)
rElec    .         Reflect  .   v - +2 cloak
rCorr    .         Harm     .   (no gloves)
MR       +....                  (no boots)
Stlth    +.........             (no amulet)
HPRegen  0.22/turn              h - +2 ring of evasion
MPRegen  0.15/turn              g - ring of protection from magic

@: heavily drained
A: breathe frost, unfitting armour, cold resistance 1, cold-blooded, AC +7
a: Breathe Frost, Heroism, Renounce Religion


You were on level 7 of the Dungeon.
You worshipped Okawaru.
Okawaru was pleased with you.
You were very hungry.

You visited 2 branches of the dungeon, and saw 8 of its levels.

You collected 347 gold pieces.

Inventory:

Missiles
 a - 79 arrows
Armour
 v - a +2 cloak (worn)
Jewellery
 e - an uncursed ring of ice
 f - an uncursed ring of magical power
 g - a ring of protection from magic (right hand)
 h - a +2 ring of evasion (left hand)
Wands
 i - a wand of flame (33)
 p - a wand of iceblast (10)
Scrolls
 d - a scroll of remove curse
 k - a scroll of amnesia
 q - a scroll of enchant weapon
 r - a scroll of fear
 u - 3 scrolls of identify
 w - 2 scrolls of fog
Potions
 l - a potion of magic
 m - 2 potions of curing
 o - 2 potions of ambrosia
 s - a potion of resistance
 t - a potion of haste
 x - a potion of flight
Books
 b - a book of Changes

   Spells                             Type                      Level
   a - Beastly Appendage              Transmutation                1
   b - Sticks to Snakes               Transmutation                2
   c - Spider Form                    Transmutation/Poison         3
   d - Ice Form                       Ice/Transmutation            4
   e - Blade Hands                    Transmutation                5
 n - a book of Necromancy

   Spells                             Type                      Level
   a - Pain                           Necromancy                   1
   b - Animate Skeleton               Necromancy                   1
   c - Vampiric Draining              Necromancy                   3
   d - Regeneration                   Charms/Necromancy            3
   e - Animate Dead                   Necromancy                   4
   f - Borgnjor's Vile Clutch         Necromancy/Earth             5
Comestibles
 c - 14 rations


   Skills:
 + Level 5.6(3.9) Fighting
 + Level 5.0(3.3) Dodging
 * Level 8.0(6.2) Unarmed Combat
 + Level 5.0(3.4) Spellcasting
 * Level 7.7(5.9) Transmutations
 + Level 0.3(0.0) Invocations


You had 12 spell levels left.
You knew the following spells:

 Your Spells              Type           Power        Failure   Level  Hunger
a - Beastly Appendage     Tmut           ###...       1%          1    #......
b - Sticks to Snakes      Tmut           ###.....     2%          2    ##.....
c - Spider Form           Tmut/Pois      ##........   19%         3    ###....


Dungeon Overview and Level Annotations

Branches:
Dungeon (7/15)             Temple (1/1) D:5

Altars:
Ashenzari
Cheibriados
Dithmenos
Elyvilon
Fedhas
Gozag
Hepliaklqana
Kikubaaqudgha
Makhleb
Nemelex Xobeh
Okawaru
Qazlal
Ru
Sif Muna
Trog
Uskayaw
Vehumet
Wu Jian
Xom
Yredelemnul
Zin
The Shining One

Annotations:
D:6 Stormhunter's ghost, novice GrSk
D:7 Saeniel's ghost, novice MfTm


Innate Abilities, Weirdness & Mutations

You can breathe waves of freezing cold.
You can buffet flying creatures when you breathe cold.
Your icy white scales are hard. (AC +7)
You cannot fit into any form of body armour.
Your flesh is cold resistant. (rC+)
You are cold-blooded and may be slowed by cold attacks.


Message History

The wight hits you with a mace!
You feel drained. The wight closely misses you.
Your talons disappear.
Your ball python closely misses the wight.
Your ball python grabs the wight.
Your ball python constricts the wight.
The wight completely misses you.
You hit the wight but do no damage. You tail-slap the wight.
The wight is heavily damaged.
Your ball python bites the wight but does no damage.
Your ball python constricts the wight.
The wight hits you with an enchanted scimitar!
* * * LOW HITPOINT WARNING * * *
You feel drained.
* * * LOW HITPOINT WARNING * * *
You hit the wight.
The wight is heavily damaged.
Your ball python bites the wight but does no damage.
Your ball python constricts the wight.
The wight hits you with a mace!
* * * LOW HITPOINT WARNING * * *
You feel drained.
You die...

*,,* *,#..#,* **,*
****,#..#,* *,*
*,,*,#..#,* *,*
*,,*,#.)#,*
**,*******,,*,#..#,*
*,,,,,,,,,,,*,#..#,*
***********,*,#..#,*
*,*,#SS#,* *,*,#S@#,*
*,*,#zz#,* *,*,#..#,*
*,*,#..#,* *,*,#..#,*
*,*,#...,****
*,*,###.,,,,*
*,*,,,,.,,,,*
*,*****,,∩,,***********


You could see 2 wights and 3 friendly ball pythons.

Vanquished Creatures
  A two-headed ogre (D:6)
  Grinder (D:4)
  Sigmund (D:2)
  Duvessa (D:6)
  2 sky beasts
  4 ogres
  4 phantoms
  A black bear (D:5)
  The ghost of Jaiteiro the Covered, an amateur GrIE (D:4)
  A bullfrog (D:6)
  A scorpion (D:7)
  Dowan (D:6)
  A wight (D:7)
  3 hounds
  5 orc wizards
  6 orc priests
  Crazy Yiuf (D:2)
  A bullfrog skeleton (D:5)
  Jessica (D:3)
  An iguana (D:6)
  Terence (D:3)
  2 worker ants
  A hound skeleton (D:4)
  6 gnolls
  A howler monkey skeleton (D:4)
  5 adders
  A shadow imp (D:6)
  An ooze (D:1)
  An adder zombie (D:5)
  3 worms (D:2)
  A dart slug (D:2)
  2 leopard geckos
  15 orcs
  5 giant cockroaches
  7 hobgoblins
  14 jackals
  4 quokkas
  4 bats
  A frilled lizard (D:3)
  7 goblins
  6 kobolds
  9 rats
135 creatures vanquished.

Vanquished Creatures (collateral kills)
  Prince Ribbit (D:6)
  An orc wizard (D:5)
  A centaur skeleton (D:6)
  An orc (D:5)
  2 jackals (D:6)
  A bat (D:2)
7 creatures vanquished.

Vanquished Creatures (others)
  5 dream sheep (D:3)
  An orc wizard (D:4)
6 creatures vanquished.

Grand Total: 148 creatures vanquished

Notes
Turn   | Place    | Note
-------+----------+-------------------------------------------
     0 | D:1      | kae the Draconian Transmuter began the quest for the Orb.
     0 | D:1      | Reached XP level 1. HP: 16/16 MP: 3/3
   287 | D:1      | Reached XP level 2. HP: 10/23 MP: 5/5
  1354 | D:2      | Reached XP level 3. HP: 27/28 MP: 4/6
  1480 | D:2      | Found a burning altar of Makhleb.
  1519 | D:2      | Noticed Sigmund
  1528 | D:2      | Killed Sigmund
  1528 | D:2      | Reached skill level 4 in Unarmed Combat
  1528 | D:2      | Reached XP level 4. HP: 37/37 MP: 5/7
  1528 | D:2      | Reached XP level 5. HP: 42/42 MP: 5/8
  1532 | D:2      | Learned a level 2 spell: Sticks to Snakes
  1724 | D:2      | Learned a level 3 spell: Spider Form
  1866 | D:2      | Found a white marble altar of Elyvilon.
  1940 | D:2      | Found a stormy altar of Qazlal.
  1955 | D:2      | Found a runed door.
  2198 | D:2      | Noticed Crazy Yiuf
  2204 | D:2      | Killed Crazy Yiuf
  2479 | D:3      | Noticed Terence
  2499 | D:3      | Killed Terence
  2499 | D:3      | Reached XP level 6. HP: 30/50 MP: 6/10
  2852 | D:3      | Noticed Jessica
  2864 | D:3      | Killed Jessica
  3297 | D:3      | Found a shimmering altar of Xom.
  3297 | D:3      | Noticed a dream sheep
  3297 | D:3      | Noticed a dream sheep
  3297 | D:3      | Noticed a dream sheep
  3297 | D:3      | Noticed a dream sheep
  3297 | D:3      | Noticed a dream sheep
  3302 | D:3      | Killed a dream sheep
  3302 | D:3      | Killed a dream sheep
  3302 | D:3      | Killed a dream sheep
  3302 | D:3      | Killed a dream sheep
  3303 | D:3      | Killed a dream sheep
  3484 | D:4      | Your scales start taking on an icy white colour.
  3484 | D:4      | Reached XP level 7. HP: 55/57 MP: 11/11
  3484 | D:4      | Gained mutation: Your flesh is cold resistant. (rC+) [White Draconian growth]
  3490 | D:4      | Reached skill level 5 in Unarmed Combat
  3752 | D:4      | Noticed Jaiteiro's ghost (amateur GrIE)
  3822 | D:5      | Entered Level 5 of the Dungeon
  3830 | D:5      | Reached skill level 5 in Transmutations
  3844 | D:5      | Reached XP level 8. HP: 39/66 MP: 13/13
  4138 | D:4      | Found an opulent altar of Gozag.
  4201 | D:4      | Reached skill level 6 in Unarmed Combat
  4422 | D:4      | Killed Jaiteiro's ghost
  4783 | D:4      | Noticed Grinder
  4801 | D:4      | Killed Grinder
  4875 | D:4      | Found a glowing silver altar of Zin.
  4875 | D:4      | Found a glowing golden altar of the Shining One.
  5275 | D:5      | Found a staircase to the Ecumenical Temple.
  5309 | Temple   | Entered the Ecumenical Temple
  5382 | Temple   | Became a worshipper of Warmaster Okawaru
  6338 | D:6      | Noticed Stormhunter's ghost (novice GrSk)
  6486 | D:6      | Found a snail-covered altar of Cheibriados.
  6562 | D:6      | Found a deep blue altar of Sif Muna.
  6709 | D:6      | Noticed Duvessa
  6709 | D:6      | Noticed Dowan
  6724 | D:6      | Killed Dowan
  6724 | D:6      | Reached skill level 7 in Unarmed Combat
  6724 | D:6      | Reached XP level 9. HP: 46/72 MP: 12/15
  6732 | D:6      | Killed Duvessa
  7374 | D:6      | Noticed Prince Ribbit
  7649 | D:6      | Reached * piety under Okawaru
  7649 | D:6      | Reached skill level 5 in Fighting
  7883 | D:6      | Killed Prince Ribbit
  7905 | D:6      | Noticed a two-headed ogre
  7917 | D:6      | Killed a two-headed ogre
  7917 | D:6      | Reached ** piety under Okawaru
  7917 | D:6      | Reached skill level 5 in Spellcasting
  8093 | D:7      | Noticed Saeniel's ghost (novice MfTm)
  8200 | D:7      | Reached skill level 5 in Dodging
  8200 | D:7      | Reached skill level 8 in Unarmed Combat
  8246 | D:7      | HP: 3/74 [wight/mace (11)]
  8246 | D:7      | Slain by a wight

Skill      XL: |  1  2  3  4  5  6  7  8  9 |
---------------+----------------------------+-----
Dodging        | 2 3 4 5 |  5.0
Fighting       | 2 3 4 5 |  5.6
Unarmed Combat | 4 5 7 8 |  8.0
Transmutations | 3 4 5 6 7 |  7.7
Spellcasting   | 3 4 5 |  5.0
Invocations    | |  0.3

Action                   |  1- 3 |  4- 6 |  7- 9 || total
-------------------------+-------+-------+-------++-------
Melee: Unarmed           |    95 |   155 |   389 ||   639
       Tailslap          |    12 |    13 |    22 ||    47
       Kick              |    11 |    11 |     8 ||    30
       Punch             |     2 |     1 |     7 ||    10
       Headbutt          |     2 |     5 |     4 ||    11
 Cast: Beastly Appendage |    11 |     9 |     5 ||    25
       Spider Form       |       |     8 |    19 ||    27
       Sticks to Snakes  |       |     3 |    19 ||    22
 Abil: Breathe Frost     |       |       |     1 ||     1
  Use: Potion            |     1 |     1 |     4 ||     6
       Scroll            |       |    17 |     3 ||    20
 Stab: Distracted        |       |     1 |     2 ||     3
       Sleeping          |       |       |     3 ||     3
  Eat: Chunk             |     2 |     8 |    10 ||    20
       Ration            |       |       |     2 ||     2
Armor: Skin              |    29 |    35 |    89 ||   153
Dodge: Dodged            |    55 |   108 |   251 ||   414
